 Dungeon Crawl Stone Soup version 0.22-a0-479-gc6e99f3 (webtiles) character file.

36 Tallim the Poker (level 3, -2/27 HPs)
             Began as a Merfolk Gladiator on June 14, 2018.
             Slain by a worm (10 damage)
             ... on level 2 of the Dungeon.
             The game lasted 00:03:04 (1098 turns).

Tallim the Poker (Merfolk Gladiator)                Turns: 1098, Time: 00:03:04

Health: -2/27      AC:  6    Str: 14    XL:     3   Next: 37%
Magic:  3/3        EV: 12    Int:  7    God:
Gold:   45         SH:  3    Dex: 16    Spells: 2/2 levels left

rFire    . . .     SeeInvis .   a - +0 trident
rCold    . . .     Gourm    .   n - +0 buckler
rNeg     . . .     Faith    .   i - +0 ring mail
rPois    .         Spirit   .   c - +0 helmet
rElec    .         Reflect  .   (no cloak)
rCorr    .         Harm     .   (no gloves)
MR       .....                  (no boots)
Stlth    +.........             (no amulet)
HPRegen  0.09/turn              (no ring)
MPRegen  0.08/turn              (no ring)

@: no status effects
A: change form in water, swift swim, stealthy swim
a: no special abilities


You were on level 2 of the Dungeon.
You were hungry.

You visited 1 branch of the dungeon, and saw 2 of its levels.

You collected 45 gold pieces.

Inventory:

Hand Weapons
 a - a +0 trident (weapon)
Missiles
 d - 3 throwing nets (quivered)
Armour
 b - a +0 leather armour
 c - a +0 helmet (worn)
 e - a cursed +0 ring mail
 i - a +0 ring mail (worn)
 n - a +0 buckler (worn)
Scrolls
 g - a scroll of remove curse {unknown}
 j - a scroll of identify {unknown}
Potions
 h - 2 potions of might {unknown}
 k - a potion of brilliance {unknown}
 l - a potion of mutation {unknown}
 m - 2 potions of heal wounds {unknown}
 o - a potion of haste {unknown}
 p - a potion of curing {unknown}
 q - a potion of agility {unknown}
Comestibles
 f - 6 rations


   Skills:
 + Level 2.3 Fighting
 * Level 6.0 Polearms
 - Level 2.0 Throwing
 + Level 4.3 Dodging
 + Level 0.1 Stealth


You had 2 spell levels left.
You didn't know any spells.
Your spell library was empty.

Dungeon Overview and Level Annotations

Branches:
Dungeon (2/15)

Altars:


Message History

You hit the worm.
The worm is heavily wounded.
You barely miss the worm.
The worm is heavily wounded.
The worm bites you!
Your ring mail prevents you from hitting the worm.
The worm is moderately wounded.
You block the worm's attack.
You barely miss the worm.
The worm is moderately wounded.
You barely miss the worm.
The worm is moderately wounded.
The worm bites you!
* * * LOW HITPOINT WARNING * * *
You barely miss the worm.
The worm is moderately wounded.
You completely miss the worm.
The worm is moderately wounded.
The worm bites you!
You die...

#.##### #.#...####
#.#......#
#<.....#.#
####.#....#.#
#.......#.#.####
#....##.#.#.##%#
#######...#.##.####
#####...@..?#
####w##.# ...# .#
.w#.## .. #.. #.
### #. #. # #. .>


You could see a worm.

Vanquished Creatures
  An adder (D:2)
  2 oozes (D:1)
  2 dart slugs (D:1)
  2 bats
  A giant cockroach (D:1)
  A hobgoblin (D:1)
  2 ball pythons (D:1)
  3 kobolds (D:1)
  2 rats (D:1)
16 creatures vanquished.

Vanquished Creatures (others)
  A frilled lizard (D:1)
1 creature vanquished.

Grand Total: 17 creatures vanquished

Notes
Turn   | Place    | Note
-------+----------+-------------------------------------------
     0 | D:1      | Tallim the Merfolk Gladiator began the quest for the Orb.
     0 | D:1      | Reached XP level 1. HP: 16/16 MP: 1/1
    45 | D:1      | Reached XP level 2. HP: 15/22 MP: 2/2
   156 | D:1      | Reached skill level 5 in Polearms
   596 | D:1      | Reached XP level 3. HP: 26/27 MP: 3/3
   815 | D:2      | Reached skill level 6 in Polearms
  1098 | D:2      | Slain by a worm

Vault maps used:
D:1:      onia_arrival_mini_spirals, minmay_misc_feat_five,
          kennysheep_flooded_box
D:2:      minmay_roachtagon, uniq_terence

Skill      XL: |  1  2  3 |
---------------+----------+-----
Polearms       | 5 6 |  6.0
Fighting       | |  2.3
Throwing       | |  2.0
Dodging        | |  4.3
Stealth        | |  0.1

Action                   || total
-------------------------++-------
Melee: Trident           ||    63
Armor: Leather armour    ||    17
       Ring mail         ||     6
Dodge: Dodged            ||    57
Block: Buckler           ||     4

Table legend:
 A = Spawn XP
 B = Non-spawn XP
 C = Spawn XP percentage of total XP
 D = Spawn monster count
 E = Non-spawn monster count
 F = Spawn count percentage of total count
 G = Total turns spent on level
                    A         B        C        D         E        F      G
               +---------+---------+-------+---------+---------+-------+---------
         Total |       0 |      52 |   0.0 |       0 |      16 |   0.0 |  1098
               +---------+---------+-------+---------+---------+-------+---------
           D:1 |       0 |      37 |   0.0 |       0 |      14 |   0.0 |   786
           D:2 |       0 |      15 |   0.0 |       0 |       2 |   0.0 |   312
               +---------+---------+-------+---------+---------+-------+---------
